AoeStats
← tomi09

Arena

507335899Analyzed
4v4 RM · 15d ago on Sep 17, 2026· 63m 59s· 8 players
Game mode
Random Map
Map size
Large (8 player)
Population
200
Speed
Normal
Resources
Standard
Victory
Conquest
Starting age
Dark Age
Ending age
Imperial Age
RankedLock teamsTeams togetherTeam positionsShared explorationLock speedFull tech treeHidden civsTurbo modeCheats
Victory
Defeat
🇩🇪 Bohemians · Germany
1247
+15
🇹🇼 Hindustanis · Taiwan
1240
+15
🇩🇪 Portuguese · Germany
1210
+16
🇦🇹 Japanese · Austria
1195
+17
🇹🇷 Spanish · Türkiye
1267
-17
🇹🇷 Aztecs · Türkiye
1245
-17
🇹🇷 Koreans · Türkiye
1239
-17
🇹🇷 Turks · Türkiye
1121
-12
Bela
10:58 Feudal Age
16:30 Castle Age
15:12 Double-Bit Axe
15:29 Loom
23:05 Fletching
37:16 Imperial Age
35:04 Stone Mining
35:05 Gold Mining
34:58 Horse Collar
35:57 Bow Saw
35:51 Heavy Plow
37:11 Wheelbarrow
37:10 Bodkin Arrow
37:27 Padded Archer Armor
38:20 Gold Shaft Mining
38:55 Leather Archer Armor
40:37 Bracer
41:02 Ballistics
42:22 Two-Man Saw
41:44 Town Watch
47:16 Ring Archer Armor
50:47 Husbandry
50:57 Bloodlines
51:44 Hand Cart
57:06 Scale Barding Armor
58:48 Chain Barding Armor
59:00 Forging
AgaC
10:26 Feudal Age
14:33 Castle Age
13:50 Double-Bit Axe
13:46 Horse Collar
17:20 Bow Saw
17:11 Heavy Plow
18:07 Loom
18:54 Town Watch
24:12 Wheelbarrow
28:00 Imperial Age
25:45 Scale Barding Armor
25:53 Forging
28:47 Chain Barding Armor
29:03 Iron Casting
28:40 Bloodlines
28:30 Husbandry
28:44 Cavalier
30:04 Plate Barding Armor
29:30 Light Cavalry
30:49 Redemption
30:55 Block Printing
32:39 Blast Furnace
31:47 Gold Mining
31:49 Stone Mining
31:58 Paladin
33:41 Hand Cart
33:54 Hussar
35:52 Conscription
35:57 Supremacy
37:37 Fletching
38:19 Ballistics
38:59 Chemistry
38:31 Pikeman
38:57 Gambesons
39:13 Squires
39:14 Scale Mail Armor
39:47 Halberdier
40:58 Chain Mail Armor
45:55 Elite Conquistador
59:32 Masonry
[€=m©2] • U m u D •
10:41 Feudal Age
9:46 Loom
14:28 Castle Age
12:42 Gold Mining
13:20 Double-Bit Axe
18:40 Bow Saw
18:44 Town Watch
19:36 Sanctity
19:27 Redemption
19:17 Atonement
20:19 Devotion
21:35 Fervor
23:14 Forging
25:58 Pikeman
26:39 Squires
28:26 Horse Collar
31:49 Wheelbarrow
32:23 Gold Shaft Mining
34:47 Imperial Age
33:33 Heavy Plow
35:09 Wheelbarrow
34:59 Onager
38:43 Chemistry
39:30 Scale Mail Armor
39:31 Capped Ram
43:03 Wheelbarrow
42:32 Town Patrol
43:12 Siege Ram
46:58 Siege Onager
eneseymen8717
5:32 Loom
10:26 Feudal Age
11:57 Double-Bit Axe
14:03 Fletching
15:20 Wheelbarrow
17:54 Horse Collar
22:37 Town Watch
23:33 Gold Mining
26:21 Castle Age
29:16 Hand Cart
28:58 Light Cavalry
31:31 Gold Shaft Mining
32:43 Bodkin Arrow
33:03 Bow Saw
32:56 Heavy Plow
37:40 Imperial Age
35:35 Treadmill Crane
35:50 Murder Holes
38:21 Stone Mining
38:41 Bracer
38:54 Arrowslits
39:22 Fortified Wall
41:16 Cavalier
41:56 Husbandry
42:04 Pikeman
42:44 Squires
42:52 Halberdier
45:35 Scale Barding Armor
45:32 Scale Mail Armor
50:04 Stone Shaft Mining
52:29 Hussar
56:23 Two-Man Saw
55:37 Forging
55:47 Chain Barding Armor
55:43 Chain Mail Armor
57:40 Conscription
58:28 Iron Casting
60:10 Plate Mail Armor
只會5TC
10:29 Feudal Age
14:29 Castle Age
13:02 Double-Bit Axe
15:22 Bow Saw
15:24 Horse Collar
21:47 Wheelbarrow
23:16 Hand Cart
24:08 Grand Trunk Road
28:00 Imperial Age
25:33 Gold Mining
25:36 Stone Mining
25:55 Squires
25:58 Scale Mail Armor
27:09 Chain Mail Armor
27:58 Gold Shaft Mining
27:59 Stone Shaft Mining
27:37 Forging
28:58 Iron Casting
28:10 Loom
28:12 Town Watch
30:37 Two-Man Saw
29:41 Heavy Plow
30:07 Town Patrol
30:45 Elite Ghulam
31:58 Scale Barding Armor
32:55 Blast Furnace
32:50 Husbandry
32:11 Heavy Camel Rider
33:49 Bloodlines
34:14 Chain Barding Armor
34:16 Conscription
37:11 Plate Barding Armor
36:45 Imperial Camel Rider
40:04 Light Cavalry
40:33 Hussar
59:10 Fletching
59:45 Ballistics
59:21 Murder Holes
Crackhörnchen
11:51 Feudal Age
16:38 Castle Age
14:47 Double-Bit Axe
15:11 Horse Collar
18:45 Fervor
18:49 Loom
22:47 Forging
22:39 Heavy Plow
22:54 Bow Saw
24:05 Light Cavalry
27:57 Fletching
33:57 Imperial Age
33:34 Chemistry
34:49 Siege Engineers
35:33 Conscription
38:08 Pikeman
39:27 Iron Casting
38:52 Scale Mail Armor
38:47 Halberdier
40:33 Houfnice
48:25 Elite Skirmisher
49:04 Bodkin Arrow
49:10 Padded Archer Armor
54:00 Man-at-Arms
54:41 Squires
55:43 Blast Furnace
56:01 Long Swordsman
56:51 Two-Handed Swordsman
61:08 Ballistics
61:01 Bracer
64:37 Chain Mail Armor
tomi09
11:14 Feudal Age
12:45 Loom
15:27 Castle Age
14:05 Double-Bit Axe
14:35 Horse Collar
19:20 Bow Saw
24:39 Crossbowman
26:41 Stone Mining
31:52 Wheelbarrow
31:03 Town Watch
37:49 Imperial Age
35:45 Scale Mail Armor
35:37 Fletching
37:12 Gold Mining
38:50 Chain Mail Armor
38:45 Forging
38:20 Pikeman
39:01 Squires
38:47 Arson
40:31 Conscription
40:08 Halberdier
41:35 Plate Mail Armor
41:41 Iron Casting
41:31 Kataparuto
44:12 Gold Shaft Mining
45:09 Blast Furnace
44:00 Fletching
44:13 Padded Archer Armor
44:33 Hand Cart
45:24 Two-Man Saw
45:59 Chemistry
46:02 Siege Engineers
46:09 Masonry
45:55 Murder Holes
46:10 Fortified Wall
45:44 Elite Samurai
47:38 Bodkin Arrow
55:14 Bracer
55:36 Scale Barding Armor
59:58 Husbandry
59:40 Light Cavalry
60:31 Bloodlines
Tronald Dump
9:13 Feudal Age
10:09 Feudal Age
11:00 Double-Bit Axe
13:22 Wheelbarrow
15:36 Castle Age
15:03 Fletching
17:57 Bodkin Arrow
22:09 Loom
24:54 Town Watch
26:17 Scale Mail Armor
27:21 Crossbowman
27:41 Pikeman
34:47 Imperial Age
32:42 Horse Collar
34:19 Bow Saw
34:13 Heavy Plow
34:10 Gold Mining
35:24 Chain Mail Armor
36:00 Ballistics
37:56 Chemistry
36:37 Treadmill Crane
37:08 Masonry
37:52 Siege Engineers
39:24 Conscription
41:37 Architecture
41:47 Halberdier
43:00 Plate Mail Armor
43:40 Forging
44:46 Padded Archer Armor
47:10 Iron Casting
51:57 Stone Mining
55:01 Arquebus
55:20 Leather Archer Armor
56:10 Blast Furnace
55:06 Arson
55:49 Capped Ram
56:59 Hand Cart
59:38 Crop Rotation
61:40 Town Patrol
62:45 Two-Man Saw
63:04 Ring Archer Armor
63:29 Fortified Wall
63:42 Bombard Tower
Connection lost

Rejoining the realm…

Still unreachable

The connection could not be restored.

Session expired

The server has moved on; the page needs a fresh start.